 Dungeon Crawl Stone Soup version 0.31-a0-256-g80acddb972 (webtiles) character file.

Game seed: 243996492664172818

132 GordonOverkill the Trooper (level 4, -1/37 HPs)
             Began as a Mummy Berserker on July 13, 2023.
             Was a Believer of Trog.
             Slain by an orc warrior
             ... wielding a +0 hand axe
              (10 damage)
             ... on level 4 of the Dungeon.
             The game lasted 00:05:55 (3141 turns).

GordonOverkill the Trooper (Mummy Berserker)        Turns: 3141, Time: 00:05:57

Health: -1/37      AC:  6    Str: 22    XL:     4   Next: 92%
Magic:  4/4        EV: 11    Int:  6    God:    Trog [**....]
Gold:   180        SH:  0    Dex: 11    Spells: 3/3 levels left

rFire   . . .        a - +0 hand axe
rCold   + . .        (no shield)
rNeg    + + +        k - +0 ring mail
rPois   ∞            d - +0 helmet
rElec   .            (no cloak)
rCorr   .            (no gloves)
SInv    .            (no boots)
Will    ++...        (no amulet)
Stlth   +            i - ring of protection from fire
HPRegen 1.26/turn    (no ring)
MPRegen 0.09/turn

%: faith
@: strong-willed, regenerating
A: cold resistance 1, negative energy resistance 3, torment resistance 2, heat
vulnerability 1, in touch with death 1, no potions, faith
a: Renounce Religion, Trog's Hand


You were on level 4 of the Dungeon.
You worshipped Trog.
Trog was pleased with you.
You visited 1 branch of the dungeon, and saw 4 of its levels.

You collected 180 gold pieces.

Inventory:

Hand Weapons
 a - a +0 hand axe (weapon)
Missiles
 e - 3 silver javelins (quivered)
Armour
 d - a +0 helmet (worn)
 k - a +0 ring mail (worn)
Jewellery
 i - a ring of protection from fire (left hand)
Wands
 b - a wand of roots (11)
 j - a wand of digging (13)
Scrolls
 c - a scroll of poison
 f - a scroll of brand weapon {unknown}
 g - 2 scrolls of fear
 h - a scroll of immolation {unknown}


   Skills:
 + Level 3.7 Fighting
 + Level 3.0 Axes
 + Level 1.0 Throwing
 + Level 2.4 Armour
 + Level 2.3 Dodging


You had 3 spell levels left.
You didn't know any spells.
Your spell library was empty.

Dungeon Overview and Level Annotations

Branches:
Dungeon (4/15)
 Temple: D:4-7

Altars:
Sif Muna

Annotations:
D:2 Terence
D:3 Sigmund


Innate Abilities, Weirdness & Mutations

You are immune to poison.
Your flesh is cold resistant. (rC+)
You are immune to negative energy. (rN+++)
You are immune to unholy pain and torment.
You are vulnerable to heat. (rF-)
You are in touch with the powers of death.
You do not drink.
You have a special connection with the divine. (Faith)


Message History

The orc warrior is lightly wounded.
The orc warrior hits you with a +0 hand axe!
A hobgoblin comes into view.
Your skin crawls.
You feel strong-willed.
The orc warrior hits you with a +0 hand axe.
You hit the orc warrior.
The orc warrior is moderately wounded.
The orc warrior hits you with a +0 hand axe!
* * * LOW HITPOINT WARNING * * *
You closely miss the orc warrior.
The orc warrior is moderately wounded.
The orc warrior closely misses you.
The orc warrior hits you with a +0 hand axe!
* * * LOW HITPOINT WARNING * * *
Aiming: Fastroot
Press: ? - help, Shift-Dir - straight line, f/p - orc warrior
Aim: an orc warrior, wielding a +0 hand axe and wearing a +0 plate armour (moderately wounded)
The roots erupt in riotous growth!
Roots grab the orc warrior.
Roots grab the iguana.
The grasping roots constrict the orc warrior.
The grasping roots constrict the iguana!
The orc warrior hits you with a +0 hand axe.
* * * LOW HITPOINT WARNING * * *
The grasping roots constrict the orc warrior.
The grasping roots constrict the iguana.
The roots release their grip on the orc warrior.
The roots release their grip on the iguana.
Aiming: Fastroot
Press: ? - help, Shift-Dir - straight line, f/p - orc warrior
Aim: an orc warrior, wielding a +0 hand axe and wearing a +0 plate armour (severely wounded)
The roots erupt in riotous growth!
Roots grab the orc warrior.
Roots grab the iguana.
The grasping roots constrict the orc warrior.
The grasping roots constrict the iguana.
You kill the iguana!
Trog accepts your kill.
A giant cockroach comes into view.
The orc warrior hits you with a +0 hand axe!
You die...

.># ## .# ..#.# #. #.. ..
#.# #. #.# .# #.# #. #.#
#.# #.# #. #[###..
#.#############. #.#..
#...............
##..#####.##############
#..†g†o@................
#B.#######.#############.
.... #.# #. ....
##.############## .#.
#<............... #
#.....########... #.....#
#.#. #.....# #.#. #.....#
#.#.


You could see an orc warrior (rooted), a giant cockroach and a hobgoblin.

Vanquished Creatures
  Jessica (D:3)
  An iguana (D:4)
  Ijyb (D:3)
  2 adders (D:3)
  A worm (D:2)
  2 dart slugs (D:1)
  4 ball pythons
  5 endoplasms
  2 giant cockroaches
  4 hobgoblins
  6 jackals
  5 kobolds
  4 quokkas
  8 bats
  6 frilled lizards
  2 goblins
  3 rats
57 creatures vanquished.

Notes
Turn   | Place    | Note
-------+----------+-------------------------------------------
     0 | D:1      | GordonOverkill the Mummy Berserker began the quest for the
                  | Orb.
     0 | D:1      | Reached XP level 1. HP: 18/18 MP: 1/1
   263 | D:1      | Reached XP level 2. HP: 6/24 MP: 2/2
  1083 | D:1      | Gained mutation: You are in touch with the powers of death.
                  | [Mummy growth]
  1083 | D:1      | Reached XP level 3. HP: 29/29 MP: 3/3
  1107 | D:2      | Reached ** piety under Trog
  1327 | D:2      | Noticed Terence
  1520 | D:2      | Found a shimmering blue altar of Sif Muna.
  1969 | D:3      | Noticed Jessica
  1977 | D:3      | Killed Jessica
  1978 | D:3      | Reached XP level 4. HP: 26/35 MP: 4/4
  2415 | D:3      | Noticed Sigmund
  2415 | D:3      | Noticed Ijyb
  2632 | D:3      | Killed Ijyb
  2633 | D:3      | Reached skill level 1 in Throwing
  3125 | D:4      | Noticed an orc warrior
  3141 | D:4      | Slain by an orc warrior

Illustrated notes

Levels and vault maps discovered:
D:1:      nzn_arrival_settlement, layout_basic, minmay_misc_feat_rugged
D:2:      layout_rooms, basic_altar, kennysheep_generic_room_2, uniq_terence
D:3:      layout_loops_corners, uniq_sigmund, uniq_ijyb, uniq_jessica
D:4:      layout_basic, general_overflow_altar, minmay_manual_mail

Skill      XL: |  1  2  3  4 |
---------------+-------------+-----
Armour         | 2 |  2.4
Dodging        | 2 |  2.3
Axes           | 3 |  3.0
Throwing       | 1 |  1.0
Fighting       | |  3.7

Action                     |  1- 3 |  4- 6 || total
---------------------------+-------+-------++-------
  Melee: Hand axe          |   151 |    73 ||   224
         Punch             |     2 |     1 ||     3
 Invoke: Trog's Hand       |       |     2 ||     2
  Evoke: Wand              |       |     3 ||     3
    Use: Scroll            |     3 |     1 ||     4
 Armour: Animal skin       |    49 |    18 ||    67
         Ring mail         |       |     2 ||     2
  Dodge: Dodged            |   107 |    46 ||   153

Table legend: (Time is in decaauts)
 A = Elapsed time spent in this place.
 B = Non-inter-level travel time spent in this place.
 C = Inter-level travel time spent in this place.
 D = Time resting spent in this place.
 E = Time spent auto-exploring this place.
 F = Levels seen in this place.
 G = Mean time per level.
                   A        B        C        D        E       F      G
               +--------+--------+--------+--------+--------+-----+--------+
         Total |   3183 |   2908 |    275 |    518 |   1506 |   4 |  795.8 |
       Dungeon |   3183 |   2908 |    275 |    518 |   1506 |   4 |  795.8 |
               +--------+--------+--------+--------+--------+-----+--------+

Top non-repeatable levels by time:
     D:1: 1255 daAuts
     D:3: 1090 daAuts
     D:2: 687 daAuts
     D:4: 149 daAuts
